 Dungeon Crawl Stone Soup version 0.30-a0-457-g4b7bca3bfa (webtiles) character file.

Game seed: 13384958773305671548

76 pokeman the Magician (level 4, -9/25 HPs)
             Began as a Deep Elf Hedge Wizard on Dec 13, 2022.
             Killed from afar by Robin (22 damage)
             ... with a bolt of light
             ... on level 2 of the Dungeon.
             The game lasted 00:03:00 (1965 turns).

pokeman the Magician (Deep Elf Hedge Wizard)        Turns: 1965, Time: 00:03:00

Health: -9/25      AC:  3    Str:  7    XL:     4   Next: 12%
Magic:  4/13       EV: 12    Int: 27    God:
Gold:   59         SH:  0    Dex: 14    Spells: 6/14 levels left

rFire   . . .      SeeInvis .    a - +0 dagger
rCold   . . .      Faith    .    (no shield)
rNeg    . . .      Spirit   .    l - +0 leather armour
rPois   .          Reflect  .    c - +0 hat
rElec   .          Harm     .    (no cloak)
rCorr   .          Rampage  .    (no gloves)
Will    .....                    (no boots)
Stlth   ++........               (no amulet)
HPRegen 0.24/turn                k - +6 ring of intelligence
MPRegen 0.13/turn                (no ring)

@: no status effects
A: no striking features
a: no special abilities


You were on level 2 of the Dungeon.
You visited 1 branch of the dungeon, and saw 2 of its levels.

You collected 59 gold pieces.

Inventory:

Hand Weapons
 a - a +0 dagger (weapon)
Armour
 c - a +0 hat (worn)
 l - a +0 leather armour (worn)
Magical Staves
 g - a staff of air
Jewellery
 k - a +6 ring of intelligence (left hand)
Scrolls
 e - a scroll of fog {unknown}
 f - 3 scrolls of enchant armour {unknown}
 i - a scroll of enchant weapon {unknown}
Potions
 d - a potion of magic
 h - 3 potions of lignification {unknown}
 j - a potion of heal wounds {unknown}


   Skills:
 - Level 1.0 Fighting
 - Level 1.0 Armour
 + Level 2.6 Dodging
 + Level 2.7 Stealth
 * Level 5.6 Spellcasting
 + Level 2.0 Conjurations
 - Level 1.1 Summonings
 - Level 1.1 Translocations


You had 6 spell levels left.
You knew the following spells:

 Your Spells              Type           Power      Damage    Failure   Level
a - Magic Dart            Conj           72%        1d6       4%          1
b - Mephitic Cloud        Conj/Pois/Air  11%        N/A       22%         3
c - Call Imp              Summ           13%        N/A       10%         2
d - Blink                 Tloc           26%        N/A       10%         2

Your spell library contained the following spells:

 Spells                   Type           Power      Damage    Failure   Level
 Slow                     Hex            28%        N/A       10%         1
 Cigotuvi's Dreadful Rot  Necr/Pois/Air  14%        N/A       16%         2


Dungeon Overview and Level Annotations

Branches:
Dungeon (2/15)

Altars:

Annotations:
D:2 Robin


Message History

Okay, then.
Unknown command.
Casting: Magic Dart (safe; 4% risk of failure)
Confirm with . or Enter, or press ? or * to list all spells.
You miscast Blink.
You are very lightly contaminated with residual magic.
Nothing appears to happen.
Robin closely misses your crimson imp.
The goblin hits you with a +0 vampiric dagger.
The goblin misses you.
Your crimson imp hits Robin.
Casting: Blink (safe; 10% risk of failure)
Confirm with . or Enter, or press ? or * to list all spells.
You blink.
Unknown command.
Found 18 gold pieces.
You feel stable enough to blink again.
Your magical contamination has completely faded away.
The goblin no longer looks unusually strong.
Robin throws the goblin at you! The goblin barely misses you.
The goblin attacks as you move away! The goblin completely misses you.
The goblin attacks as you move away! The goblin completely misses you.
Casting: Blink (safe; 10% risk of failure)
Confirm with . or Enter, or press ? or * to list all spells.
Aiming: Magic Dart (safe; 4% risk of failure)
Press: ? - help, Shift-Dir - straight line, f/p - goblin
Aim: a goblin, wielding a +0 club (100% to hit)
The magic dart hits the goblin.
You kill the goblin!
Unknown command.
Casting: Magic Dart (safe; 4% risk of failure)
Confirm with . or Enter, or press ? or * to list all spells.
Aiming: Magic Dart (safe; 4% risk of failure)
Press: ? - help, Shift-Dir - straight line, f - goblin
Aim: a goblin, wielding a +0 vampiric dagger and wearing a +6 ring of dexterity (100% to hit)
The magic dart hits the goblin.
You kill the goblin!
Unknown command.
Robin says, "My army is invincible!"
Robin zaps a wand.
The bolt of light hits you!!
Ouch! That really hurt!
You die...

#$# ....# #.##.# #.# #.# #.#.#
#.##.# #.# #.# #.#.# #.##.# #.#
#.# #.#.# #.##.# #.# ###.###.#.#
######.##.# #.# ..........#
#.........# ##.#
.##.###..†###.####....###..#
.....##.....g.######...##.#######
.##..##........)@................
. #..##...########........######.
.##g.#.#...# #........##...#.
...........# ###[......<##.....
##...####..# #...............#.
[...g.# #..# #.#...............
##...####.>#####.#.......#######.
##..)...................# #.
####.#.###########.####### #.


You could see Robin.

Vanquished Creatures
  2 adders (D:2)
  7 endoplasms
  7 hobgoblins
  3 jackals (D:1)
  2 kobolds (D:1)
  5 ball pythons
  11 bats
  3 frilled lizards (D:1)
  7 goblins
  2 rats
49 creatures vanquished.

Vanquished Creatures (collateral kills)
  2 goblins (D:2)
  A hobgoblin (D:2)
3 creatures vanquished.

Vanquished Creatures (others)
  25 plants (D:2)
25 creatures vanquished.

Grand Total: 77 creatures vanquished

Notes
Turn   | Place    | Note
-------+----------+-------------------------------------------
     0 | D:1      | pokeman the Deep Elf Hedge Wizard began the quest for the
                  | Orb.
     0 | D:1      | Reached XP level 1. HP: 10/10 MP: 7/7
   255 | D:1      | Reached XP level 2. HP: 15/15 MP: 6/9
   395 | D:1      | You fall into a shaft and drop 1 floor!
   624 | D:2      | Reached skill level 5 in Spellcasting
   624 | D:2      | Reached XP level 3. HP: 11/20 MP: 3/11
   628 | D:2      | Learned a level 3 spell: Mephitic Cloud
   631 | D:2      | Learned a level 2 spell: Call Imp
   634 | D:2      | Learned a level 2 spell: Blink
  1189 | D:1      | Reached skill level 1 in Armour
  1252 | D:1      | Reached skill level 1 in Fighting
  1889 | D:2      | Reached XP level 4. HP: 25/25 MP: 11/13
  1919 | D:2      | Noticed Robin
  1965 | D:2      | Killed from afar by Robin

Illustrated notes

Levels and vault maps discovered:
D:1:      lightli_arrival_statue_moat, layout_loops_cross,
          minmay_misc_feat_rows, chequers_jeans, corexii_hall_statues_i,
          ebering_dispersal_statue_hall, st_stairs_6, minmay_unequal
D:2:      layout_loops_ring, chequers_ecumenical_altar_lobes, serial_shops,
          nicolae_shop_competitors_out_of_business, serial_bayou_lagoon_a,
          uniq_robin

Skill      XL: |  1  2  3 |
---------------+----------+-----
Spellcasting   | 5 |  5.6
Armour         | 1 |  1.0
Fighting       | 1 |  1.0
Conjurations   | 2 |  2.0
Dodging        | |  2.6
Stealth        | |  2.7
Summonings     | |  1.1
Translocations | |  1.1

Action                   |  1- 3 |  4- 6 || total
-------------------------+-------+-------++-------
Melee: Dagger            |     6 |       ||     6
 Cast: Magic Dart        |   103 |     9 ||   112
       Blink             |       |     1 ||     1
       Call Imp          |       |     1 ||     1
Armor: Robe              |     6 |       ||     6
       Leather armour    |     1 |     5 ||     6
Dodge: Dodged            |    16 |     7 ||    23

Table legend: (Time is in decaauts)
 A = Elapsed time spent in this place.
 B = Non-inter-level travel time spent in this place.
 C = Inter-level travel time spent in this place.
 D = Time resting spent in this place.
 E = Time spent auto-exploring this place.
 F = Levels seen in this place.
 G = Mean time per level.
                   A        B        C        D        E       F      G
               +--------+--------+--------+--------+--------+-----+--------+
         Total |   1974 |   1917 |     57 |      0 |   1639 |   2 |  987.0 |
       Dungeon |   1974 |   1917 |     57 |      0 |   1639 |   2 |  987.0 |
               +--------+--------+--------+--------+--------+-----+--------+

Top non-repeatable levels by time:
     D:1: 1427 daAuts
     D:2: 547 daAuts
